Map: Cerulean Fall LE

Players

liquidthermy (uThermal)

  • Race: Terran Terran
  • League: Master
  • Spawn Location: 7:00

Harstem - Winner!

  • Race: Protoss Protoss
  • League: Grandmaster
  • Spawn Location: 1:00

Event: DSCL Nationals 2018 - Finals

VOD

Have the link to the VOD?

Description

Time

  • Played on: Dec. 1, 2018, 12:13 p.m.
  • Length: 14:07

All games in this series

Show
View Real Time Build Order
Export as new Build Order

liquidthermy Terran 

Build Orders: Cyclone Opening 

Get SALT Encoding   

  12  0:01  SCV  
  13  0:13  SCV  
  14  0:17  Supply Depot  
  14  0:25  SCV  
  15  0:38  SCV  
  15  0:41  Barracks  
  16  0:44  Refinery  
  16  0:50  SCV  
  16  0:54  Refinery  
  17  1:03  SCV  
  18  1:15  SCV  
  19  1:28  Orbital Command, Reaper  
  20  1:36  Supply Depot  
  20  1:42  Factory  
  20  1:54  SCV  
  21  2:06  SCV  
  22  2:18  SCV  
  23  2:24  Barracks Reactor  
  23  2:26  Factory Tech Lab  
  23  2:30  SCV  
  24  2:37  Command Center  
  24  2:38  Supply Depot  
  24  2:42  SCV  
  25  2:46  Cyclone  
  28  2:55  SCV  
  29  3:00  Marine x2  
  30  3:08  Armory, SCV  
  30  3:18  Marine x2  
  30  3:19  Widow Mine  
  34  3:23  Starport  
  34  3:26  SCV  
  35  3:33  Supply Depot  
  35  3:35  Marine  
  35  3:38  SCV  
  37  3:42  Widow Mine  
  39  3:55  SCV  
  40  3:57  Drilling Claws  
  40  4:00  Medivac  
  40  4:02  Marine  
  43  4:06  Widow Mine  
  45  4:11  Bunker  
  45  4:13  Orbital Command  
  45  4:14  SCV  
  46  4:17  Marine  
  47  4:27  Siege Tank  
  47  4:29  SCV  
  51  4:32  Marine  
  51  4:36  Marine  
  53  4:41  SCV  
  54  4:47  SCV  
  54  4:48  Supply Depot  
  54  4:52  Marine  
  56  4:53  Marine  
  56  4:55  SCV  
  56  4:59  SCV  
  59  5:02  Supply Depot  
  59  5:11  Barracks  
  59  5:12  Barracks  
  59  5:13  SCV  
  60  5:15  Starport Tech Lab  
  60  5:17  Marine  
  60  5:19  Marine  
  62  5:26  SCV  
  63  5:29  Factory Reactor  
  63  5:31  SCV  
  63  5:35  Engineering Bay  
  64  5:38  SCV  
  59  5:43  Marine x2, SCV  
  59  5:46  Starport Reactor  
  62  5:51  SCV  
  62  5:54  Refinery  
  62  5:55  SCV  
  64  6:02  Terran Infantry Weapons Level 1  
  64  6:03  SCV  
  65  6:04  Marine x2  
  65  6:07  SCV  
  65  6:08  Combat Shield  
  65  6:09  Marauder, Marine, Stimpack  
  71  6:12  Widow Mine  
  71  6:13  Widow Mine  
  71  6:17  Supply Depot  
  75  6:21  SCV  
  75  6:22  Marine x2  
  75  6:25  Refinery  
  78  6:29  Supply Depot  
  78  6:39  Medivac, Marine x2, Widow Mine x2  
  86  6:45  Supply Depot  
  86  6:50  Medivac, Marine x2  
  89  6:57  Marauder  
  89  7:00  Command Center  
  91  7:02  Widow Mine  
  91  7:07  Widow Mine  
  95  7:10  Marine x2  
  95  7:11  Missile Turret  
  95  7:14  Medivac  
  99  7:20  Medivac  
  99  7:21  Marauder  
  102  7:23  Supply Depot  
  102  7:35  Barracks  
  102  7:40  Barracks  
  102  7:44  Supply Depot  
  102  7:45  Marine, Widow Mine x2  
  102  7:47  Liberator  
  102  7:48  Marine, Liberator  
  102  7:49  Marauder  
  110  8:06  Marauder, Marine x2  
  110  8:09  SCV  
  110  8:11  Concussive Shells  
  113  8:13  Widow Mine  
  113  8:15  SCV  
  113  8:19  Marauder  
  118  8:22  Widow Mine  
  118  8:25  Terran Infantry Armor Level 1  
  118  8:27  SCV  
  118  8:32  Liberator  
  116  8:35  Widow Mine  
  116  8:37  SCV  
  118  8:43  Widow Mine  
  107  8:49  Marine x2  
  107  8:50  Marauder  
  107  8:54  Marine x2  
  107  8:55  Marine  
  99  9:07  Marine x2  
  98  9:11  Marine  
  98  9:12  Marine x2  
  98  9:13  Marauder  
  97  9:25  Marine x2  
  97  9:29  Marauder, Liberator  
  102  9:34  Liberator  
  102  9:35  Marauder  
  104  9:42  Barracks Tech Lab x2  
  103  9:51  Marauder  
  111  9:54  Widow Mine  
  111  9:58  Widow Mine  
  115  10:01  Supply Depot  
  115  10:03  Marine  
  115  10:04  Marine  
  117  10:08  Marine  
  117  10:13  Supply Depot  
  118  10:17  Liberator  
  118  10:23  Marauder x2, Marine x2  
  118  10:25  Marine  
  125  10:34  Supply Depot  
  125  10:35  Marauder, Widow Mine x2  
  134  10:38  Liberator  
  134  10:55  Marine x3  
  134  10:56  Marauder, Marine  
  145  10:57  Marauder  
  144  11:09  Widow Mine  
  143  11:13  Marine x2  
  143  11:14  Marauder  
  143  11:17  Marauder  
  137  11:22  Marine  
  137  11:23  Marauder  
  137  11:31  Marauder, Marine, Terran Infantry Weapons Level 2  
  140  11:35  Marine  
  140  11:38  Marine  
  142  11:40  Marine  
  142  11:42  Medivac x2  
  142  11:44  Marine  
  145  11:49  Supply Depot  
  132  11:55  Marine  
  132  11:56  Marauder  
  132  11:57  Marine  
  121  12:01  Marine  
  122  12:12  Marine  
  122  12:13  Marine  
  121  12:16  Marauder, Liberator x2  
  121  12:17  Marauder  
  121  12:18  Marauder  
  121  12:19  Marine  
  126  12:29  Marine  
  126  12:31  Marine  
  126  12:36  Marine  
  135  12:39  Marine  
  135  12:41  Marine  
  137  12:47  Marine  
  137  12:48  Marauder  
  137  12:54  Marine  
  137  12:56  Marauder  
  135  13:01  Liberator  
  135  13:02  Marauder  
  135  13:03  Marine  
  135  13:06  Liberator  
  135  13:08  Marine  
  135  13:09  Marine  
  135  13:12  Marine  
  112  13:35  Marauder, Marine  
  112  13:36  Marine  
Show
View Real Time Build Order
Export as new Build Order

Harstem Protoss - Winner!

Build Orders: 1 Gate Expand 

Get SALT Encoding   

  12  0:00  Probe  
  13  0:12  Probe  
  14  0:17  Pylon  
  14  0:24  Probe  
  15  0:32  Probe  
  15  0:37  Gateway  
  15  0:40  Probe  
  16  0:47  Assimilator  
  17  0:51  Probe  
  18  1:03  Probe  
  19  1:18  Nexus  
  19  1:21  Probe  
  20  1:30  Cybernetics Core  
  20  1:36  Assimilator  
  20  1:41  Zealot  
  22  1:48  Pylon  
  22  1:51  Probe  
  23  1:59  Adept  
  23  2:00  Warp Gate  
  23  2:06  Probe  
  25  2:18  Probe  
  26  2:29  Robotics Facility  
  26  2:30  Probe  
  26  2:35  Probe  
  28  2:38  Adept  
  28  2:43  Probe  
  31  2:47  Probe  
  32  2:56  Probe  
  33  3:00  Probe  
  33  3:01  Gateway  
  34  3:06  Warp Prism  
  34  3:10  Gateway  
  36  3:18  Probe  
  36  3:19  Probe  
  38  3:28  Pylon  
  38  3:30  Probe  
  38  3:31  Probe  
  40  3:41  Observer  
  40  3:42  Probe  
  40  3:43  Probe  
  43  3:51  Probe  
  44  3:56  Probe  
  44  3:59  Probe  
  45  4:07  Stalker x3  
  45  4:08  Probe  
  53  4:11  Probe  
  54  4:17  Pylon  
  54  4:19  Forge  
  54  4:20  Twilight Council  
  54  4:27  Pylon  
  54  4:34  Observer  
  54  4:35  Probe x2  
  56  4:39  Nexus  
  57  4:47  Probe x2  
  57  4:48  Stalker, Sentry  
  57  4:50  Blink  
  63  4:54  Pylon  
  63  4:55  Protoss Ground Weapons Level 1  
  63  4:56  Assimilator  
  63  4:59  Probe x2  
  65  5:07  Assimilator  
  65  5:11  Probe x2  
  67  5:23  Probe  
  61  5:28  Observer  
  61  5:29  Probe  
  59  5:35  Probe  
  59  5:40  Gateway  
  59  5:41  Probe  
  61  5:45  Gateway  
  61  5:48  Probe, Gateway  
  62  5:52  Probe  
  62  5:53  Probe  
  62  5:55  Forge  
  62  5:56  Observer  
  65  6:00  Probe  
  65  6:01  Probe  
  66  6:05  Probe  
  66  6:07  Stalker  
  66  6:09  Probe  
  70  6:12  Probe  
  70  6:16  Pylon  
  70  6:18  Probe x2  
  73  6:24  Probe  
  75  6:29  Stalker, Sentry  
  75  6:30  Probe  
  75  6:31  Probe, Stalker  
  83  6:33  Protoss Ground Armor Level 1  
  83  6:36  Probe, Pylon  
  83  6:39  Charge  
  84  6:42  Probe  
  84  6:46  Stalker x2  
  89  6:48  Probe  
  89  6:50  Immortal  
  89  6:52  Probe  
  94  6:55  Zealot x2  
  94  6:56  Protoss Ground Weapons Level 2  
  94  6:58  Probe, Pylon  
  99  7:07  Pylon  
  99  7:09  Zealot x2  
  99  7:14  Probe  
  104  7:16  Pylon  
  106  7:22  Photon Cannon  
  106  7:23  Zealot  
  106  7:25  Zealot  
  106  7:26  Immortal  
  106  7:28  Zealot x2  
  112  7:30  Zealot x2  
  120  7:43  Robotics Bay, Zealot  
  122  7:47  Observer  
  115  7:59  Stalker x5  
  123  8:12  Immortal  
  127  8:16  Pylon  
  127  8:19  Pylon  
  127  8:29  Protoss Ground Armor Level 2  
  127  8:30  Zealot x2  
  127  8:31  Zealot  
  132  8:44  Zealot x3  
  132  8:48  Colossus  
  120  8:49  Probe  
  120  8:51  Zealot x2  
  120  8:52  Zealot  
  120  8:55  Probe x2  
  129  9:01  Probe  
  129  9:02  Observer  
  134  9:03  Gateway  
  134  9:05  Gateway  
  134  9:06  Protoss Ground Weapons Level 3  
  134  9:09  Zealot x3  
  136  9:14  Probe  
  129  9:24  Extended Thermal Lance  
  129  9:25  Probe  
  129  9:26  Probe  
  131  9:34  Probe x2, Observer  
  131  9:37  Probe, Nexus  
  131  9:38  Pylon  
  134  9:43  Colossus  
  134  9:44  Pylon  
  134  9:50  Pylon  
  134  9:52  Assimilator x2  
  134  9:54  Probe  
  134  9:55  Probe  
  134  9:56  Pylon  
  142  10:02  Probe  
  142  10:06  Photon Cannon  
  143  10:15  Dark Shrine, Probe  
  143  10:17  Probe  
  143  10:20  Stalker x4  
  151  10:24  Protoss Ground Armor Level 3  
  151  10:31  Observer  
  151  10:43  Probe  
  151  10:46  Zealot x7  
  151  10:47  Stargate  
  151  10:49  Pylon  
  166  11:10  Stalker  
  166  11:11  Stalker x6  
  180  11:22  Phoenix  
  180  11:28  Stalker  
  180  11:30  Protoss Shields Level 1  
  184  11:44  Probe  
  169  12:01  Stalker x5  
  169  12:02  Stalker x3  
  185  12:12  Protoss Air Weapons Level 1  
  177  12:16  Probe  
  177  12:21  Gateway  
  178  12:23  Gateway x2  
  178  12:25  Probe  
  178  12:26  Gateway x2  
  178  12:29  Immortal, Gateway  
  183  12:31  Stargate  
  183  12:36  Fleet Beacon  
  183  12:42  Dark Templar x2, Stargate, Zealot x2  
  183  12:43  Zealot x4  
  199  12:50  Oracle  
  188  13:06  Stalker x2  
  188  13:07  Stalker x4  
  188  13:10  Assimilator  
  194  13:14  Assimilator  
  194  13:18  Stalker x4  
  190  13:20  Probe  
  162  13:34  Stalker  
  162  13:35  Stalker x4  
  162  13:40  Zealot x2  
  173  13:41  Stalker x3  
  169  13:50  Stalker x3  
  162  14:01  Zealot x3  
Tags
 
Add a new tag
Caveats
  • Supply blocks, unpowered buildings, or Contaminate may cause inaccurate times.
  • Supply counts are checked every 10 seconds.